 Dungeon Crawl Stone Soup version 0.20-b1 (webtiles) character file.

65 CanadianGator the Digger (level 4, -5/39 HPs)
             Began as an Ogre Earth Elementalist on May 26, 2017.
             Killed from afar by Sigmund (12 damage)
             ... with a magic dart
             ... on level 3 of the Dungeon.
             The game lasted 00:07:48 (1921 turns).

CanadianGator the Digger (Ogre Earth Elementalist)  Turns: 1921, Time: 00:07:48

Health: -5/39      AC:  3    Str: 14    XL:     4   Next: 14%
Magic:  8/8        EV: 10    Int: 19    God:
Gold:   135        SH:  0    Dex:  9    Spells: 5/9 levels left

rFire    . . .     SeeInvis .   n - -2 short sword (curse)
rCold    . . .     Gourm    .   (no shield)
rNeg     . . .     Faith    .   c - +0 robe
rPois    .         Spirit   .   (helmet restricted)
rElec    .         Reflect  .   (no cloak)
rCorr    .         Harm     .   (gloves unavailable)
MR       .....                  (boots unavailable)
Stlth    +.........             (no amulet)
Regen    0.6/turn               (no ring)
MPRegen  0.2/turn               (no ring)

@: flying
A: unfitting armour, clever 1, regeneration 1, strong 1, tough skin 1
a: no special abilities


You were on level 3 of the Dungeon.
You were not hungry.

You visited 1 branch of the dungeon, and saw 3 of its levels.

You collected 135 gold pieces.

Inventory:

Hand Weapons
 a - a +0 club
 n - a cursed -2 short sword (weapon)
 q - a +1 rapier
Missiles
 b - 67 stones
 p - 5 tomahawks (quivered)
Armour
 c - a +0 robe (worn)
Scrolls
 h - 3 scrolls of enchant weapon
Potions
 i - a potion of curing {unknown}
 m - a potion of resistance {unknown}
Books
 e - a book of Geomancy

   Spells                             Type                      Level
   a - Sandblast                      Earth                        1
   b - Passwall                       Transmutation/Earth          2
   c - Stone Arrow                    Conjuration/Earth            3
   d - Petrify                        Transmutation/Earth          4
   e - Lee's Rapid Deconstruction     Earth                        5
Comestibles
 d - 3 bread rations
 f - 2 chunks of flesh
 l - 3 fruits
 o - 2 meat rations


   Skills:
 - Level 1.7 Dodging
 - Level 1.4 Stealth
 + Level 3.3 Spellcasting
   Level 0.8 Transmutations
 + Level 3.9 Earth Magic


You had 5 spell levels left.
You knew the following spells:

 Your Spells              Type           Power        Failure   Level  Hunger
a - Sandblast             Erth           ###...       2%          1    None
b - Stone Arrow           Conj/Erth      ##....       21%         3    ###....


Dungeon Overview and Level Annotations

Branches:
Dungeon (3/15)

Altars:
Gozag

Annotations:
D:3 Sigmund


Innate Abilities, Weirdness & Mutations

You are too large for most types of armour.
You have tough skin. (AC +1)
Your mind is acute. (Int +2)
Your natural rate of healing is unusually fast.
Your muscles are strong. (Str +2)


Message History

Something hits you!
You feel less confused. Something hits you!
You closely miss something. The bat completely misses you.
The bat hits you but does no damage. Something hits you!
You barely miss the bat. The bat completely misses you.
You hit the bat.
You kill the bat!
Something hits you.
* * * LOW HITPOINT WARNING * * *
Something hits you.
* * * LOW HITPOINT WARNING * * *
It was a potion of flight.
You feel very buoyant.
You fly up into the air.
A kobold comes into view. It is wielding a whip.
The kobold shouts!
A magic dart appears from out of thin air!
The magic dart hits you!
You die...

#..# #..# ..# #.# .
#.#########
..########..........
..............#
.K.>..........#
###.@......######..#
#.................#
###.........#####.....
#
...(...................
#
#..###....†§...(.......
. #
#..##...###§######.....
#
#..#.....##§)§.........
#
#.........§§######.b)..
# #.#.....#§§...... ..


You could see a kobold.

Vanquished Creatures
  An adder (D:2)
  An ooze (D:2)
  A worm (D:3)
  A dart slug (D:1)
  2 ball pythons
  A giant cockroach (D:1)
  7 hobgoblins
  9 jackals
  7 bats
  4 frilled lizards
  4 goblins
  7 kobolds
  2 rats
47 creatures vanquished.

Notes
Turn   | Place    | Note
-------+----------+-------------------------------------------
     0 | D:1      | CanadianGator the Ogre Earth Elementalist began the quest for the Orb.
     0 | D:1      | Reached XP level 1. HP: 16/16 MP: 3/3
   256 | D:1      | Reached XP level 2. HP: 24/24 MP: 3/5
   814 | D:2      | Reached XP level 3. HP: 31/31 MP: 3/7
   819 | D:2      | Learned a level 3 spell: Stone Arrow
   897 | D:2      | Found an opulent altar of Gozag.
  1049 | D:2      | Learned a level 1 spell: Sandblast
  1052 | D:2      | Gained mutation: Your mind is acute. (Int +2) [potion of mutation]
  1052 | D:2      | Gained mutation: Your magical capacity is low. (-10% MP) [potion of mutation]
  1052 | D:2      | Gained mutation: You have sharp fingernails. [potion of mutation]
  1052 | D:2      | Gained mutation: Your flesh is heat resistant. (rF+) [potion of mutation]
  1053 | D:2      | Lost mutation: Your flesh is heat resistant. (rF+) [potion of mutation]
  1053 | D:2      | Lost mutation: Your magical capacity is low. (-10% MP) [potion of mutation]
  1053 | D:2      | Lost mutation: You have sharp fingernails. [potion of mutation]
  1053 | D:2      | Gained mutation: Your natural rate of healing is unusually fast. [potion of mutation]
  1053 | D:2      | Gained mutation: Your muscles are strong. (Str +2) [potion of mutation]
  1720 | D:3      | Reached XP level 4. HP: 35/39 MP: 0/8
  1900 | D:3      | Noticed Sigmund
  1921 | D:3      | Killed from afar by Sigmund

Skill      XL: |  1  2 |
---------------+-------+-----
Earth Magic    | 3 |  3.9
Spellcasting   | 3 |  3.3
Dodging        | |  1.7
Stealth        | |  1.4
Transmutations | |  0.8

Action                   |  1- 3 |  4- 6 || total
-------------------------+-------+-------++-------
Melee: Unarmed           |    15 |       ||    15
       Short sword       |    22 |     3 ||    25
Throw: Tomahawk          |    11 |     8 ||    19
 Cast: Sandblast         |    36 |     6 ||    42
       Stone Arrow       |    11 |       ||    11
  Use: Scroll            |     4 |     1 ||     5
       Potion            |     2 |     1 ||     3
  Eat: Chunk             |     3 |     1 ||     4
Armor: Robe              |    18 |     1 ||    19
Dodge: Dodged            |    26 |     2 ||    28
